Unix NetHack Version 5.0.0-0 post-release - last build Jul 11 2026 15:18:16 (a5a7a23833b1ad5d30b1c6e96a93a978492a6348,branch:main).

Game began 2026-07-12 18:52:17, ended 2026-07-12 18:58:16.

Coineanach, neutral male human Barbarian

                                                       ------
                                         ---  --     ---.|..|
                                          ... ..      ......|
                                            ..-.      -....-
                                           --....-    --%..|
                                         ---.-....-   |.?..|
                                        --.........   --%---
                                       --.......... ---|([#
                                       |.%..........|..|@|#
                                       |................B#
                                       --.............)..|
                                        |-...............|
                                        |................|
                                        |.............)..|
                                        ---. --.....-..|.|
                                          --  |..-- ..-|.-----
                                              --- -... |..<.*..-
                                                  ...- |..------
                                                  -.-  ----
                                                  --
Coineanach the Pillager    St:18/02 Dx:15 Co:18 In:8 Wi:8 Ch:6  Neutral
Dlvl:3  $:10 HP:0(35) Pw:8(8) AC:7  Xp:4 T:580 

Latest messages:
 Welcome to experience level 4.
 There are many objects here.
 The gnome hits!
 You kill the gnome!
 You see here a dart.
 There are many objects here.
 There is a partly eaten gnome corpse here; eat it? [ynq] (n)
 You resume your meal.
 You hear a chugging sound.
 For some reason, the gnome king's presence is known to you.
 You feel aggravated at the gnome king.
 The gnome picks up a dart.
 You stop eating the gnome corpse.
 The gnome swings his axe.
 The gnome hits!
 You kill the gnome!
 There are many objects here.
 There is a partly eaten gnome corpse here; eat it? [ynq] (n)
 You resume your meal.
 The gnome king throws an aklys!
 You are almost hit by an aklys.
 You stop eating the gnome corpse.
 The aklys returns to the gnome king's hand!
 g - 6 darts.
 You smite the gnome king!
 The gnome king swings his aklys.
 The gnome king hits!
 You kill the gnome king!
 You learn more about your items by comparing them.
 d - an uncursed food ration (4 in total).
 The gnome shoots 2 crossbow bolts!
 You are hit by the 1st crossbow bolt!
 You hear the howling of the CwnAnnwn...
 The gnome misfires!
 The 2nd crossbow bolt misses.
 What do you want to ready? [$bg or ?*]
 g - 6 darts (at the ready).
 In what direction?
 The dart misses the gnome.
 The gnome picks up a dart.
 In what direction?
 You kill the gnome!
 There is a gnome king corpse here; eat it? [ynq] (n)
 Blecch!  Rotten food!
 You finish eating the gnome king corpse.
 h - an aklys.
 You see here a gnome lord corpse.
 The giant bat bites!
 You die...
 Do you want your possessions identified? [ynq] (y)

Inventory:
 Coins    ('$')
  $ - 10 gold pieces
 Weapons  (')')
  g - 4 +0 darts (at the ready)
  h - a cursed +1 aklys
  b - a +0 axe (alternate weapon; not wielded)
  a - a +0 two-handed sword (weapon in hands)
 Armor    ('[')
  c - an uncursed +0 ring mail (being worn)
 Comestibles  ('%')
  d - 4 uncursed food rations
 Potions  ('!')
  f - an uncursed potion of healing

Coineanach the Barbarian's attributes:

Background:
 You were a Pillager, a level 4 male human Barbarian.
 You were neutral, on a mission for Crom
 who was opposed by Mitra (lawful) and Set (chaotic).
 You were right-handed.
 You were in the Gnomish Mines, on level 3.
 You entered the dungeon 580 turns ago.
 You had 131 experience points, 29 more were needed to attain level 5.

Basics:
 You had 0 out of 35 hit points.
 You had all 8 energy points (spell power).
 Your armor class was 7.
 Your wallet contained 10 zorkmids.
 Autopickup was off.

Final Characteristics:
 Your strength was 18/02 (limit:18/100).
 Your dexterity was 15 (limit:18).
 Your constitution was 18 (limit:18).
 Your intelligence was 8 (limit:18).
 Your wisdom was 8 (limit:18).
 Your charisma was 6 (limit:18).

Final Status:
 You weren't hungry.
 You were unencumbered.
 You were wielding a two-handed sword.
 You had basic skill with two-handed sword.

Final Attributes:
 You were fervently aligned.
 You were poison resistant.
 You were warded.
 Your spell casting was impaired by metallic armor.
 You are dead.

Miscellaneous:
 You didn't encounter any bones levels.
 Total elapsed playing time was 5 minutes and 34 seconds.

Major events:
 Turn
    1: Coineanach the neutral male human Barbarian entered the dungeon
  510: entered the Gnomish Mines
  537: attained the rank of Pillager (level 3)
  580: killed by a giant bat

Spells:
 Name                 Level Category     Fail Retention
 jumping                1   escape       100%  76%-100%

Skills:
 Fighting Skills
   bare handed combat [Basic]
   two weapon combat  [Unskilled]
   riding             [Unskilled]
 Weapon Skills
   dagger             [Unskilled]
   axe                [Basic]
   pick-axe           [Unskilled]
   short sword        [Unskilled]
   broadsword         [Unskilled]
   long sword         [Unskilled]
   two-handed sword   [Basic]
   saber              [Unskilled]
   club               [Unskilled]
   mace               [Unskilled]
   morning star       [Unskilled]
   flail              [Unskilled]
   hammer             [Unskilled]
   quarterstaff       [Unskilled]
   spear              [Unskilled]
   trident            [Unskilled]
   bow                [Unskilled]
 Spellcasting Skills
   attack spells      [Unskilled]
   escape spells      [Unskilled]

Voluntary challenges:
 Character rerolling was not enabled.
 You were an atheist.
 You never genocided any monsters.
 You never polymorphed an object.
 You never changed form.
 You used no wishes.
Achievements:
 You entered the Gnomish Mines.
 You attained the rank of Pillager.

 The Dungeons of Doom: levels 1 to 2
    Level 1:
       A grave.
    Level 2:
       A fountain.
       Stairs down to The Gnomish Mines.
 The Gnomish Mines:
    Level 3: <- You were here.
       Final resting place for
          you, killed by a giant bat.


Vanquished creatures:
  a gnome ruler
  2 gnome leaders
  a little dog
  2 dwarves
  7 gnomes
  a kobold
  a grid bug
  a kobold zombie
  2 newts
18 creatures vanquished.

No species were genocided or became extinct.

Game over:
                       ----------
                      /          \
                     /    REST    \
                    /      IN      \
                   /     PEACE      \
                  /                  \
                  |    Coineanach    |
                  |      10 Au       |
                  |   killed by a    |
                  |    giant bat     |
                  |                  |
                  |                  |
                  |       2026       |
                 *|     *  *  *      | *
        _________)/\\_//(\/(/\)/\//\/|_)_______

Goodbye Coineanach the Barbarian...

You died in The Gnomish Mines on dungeon level 3 with 633 points,
and 10 pieces of gold, after 580 moves.
You were level 4 with a maximum of 35 hit points when you died.

